[Event "*** SCC Grand Prix: Titled Tuesday Blitz"]
[Site "Chess.com"]
[Date "2020.07.14"]
[Round "7"]
[White "Ranindu2003"]
[Black "Omk124"]
[Result "1-0"]
[WhiteElo "2616"]
[BlackElo "2387"]
[TimeControl "180+1"]
[EndTime "11:20:31 PDT"]
[Termination "Ranindu2003 won by resignation"]

1. e4 g6 2. d4 Bg7 3. Nc3 c6 4. Nf3 d6 5. Bd3 Nf6 6. O-O O-O 7. Qe2 Nbd7 8. h3 e5 9. Rd1 Re8 10. dxe5 dxe5 11. a4 Qe7 12. Bc4 Nf8 13. a5 h6 14.
Be3 Be6 15. Rdb1 Nh5 16. b4 Nf4 17. Qf1 a6 18. Bc5 Qf6 19. Na4 Bxc4 20. Qxc4 Nxh3+ 21. Kf1 Nf4 22. Nb6 Rad8 23. Rd1 N8e6 24. Nd7 Rxd7 25. Rxd7 g5 26. Bd6 g4 27. Ng1 Nd4 28.
c3 Nb5 29. Bc5 Nh5 30. Qd3 Nf4 31. Qg3 h5 32. Ne2 Ng6 33. c4 Qe6 34. Qd3 Nd4 35.
Rd6 Qc8 36. Nxd4 exd4 37. Bxd4 Nf4 38. Qe3 Bxd4 39. Qxd4 Ne6 40. Qf6 Ng7 41. Rad1 Qc7 42. Rd8 Rxd8 43. Rxd8+ Qxd8 44. Qxd8+ Kh7 45. Qc7 Kg6 46.
Qxb7 1-0

[Event "*** SCC Grand Prix: Titled Tuesday Blitz"]
[Site "Chess.com"]
[Date "2020.07.14"]
[Round "7"]
[White "13MiRacLe"]
[Black "vova-79"]
[Result "1/2-1/2"]
[WhiteElo "2627"]
[BlackElo "2476"]
[TimeControl "180+1"]
[EndTime "11:20:31 PDT"]
[Termination "Game drawn by repetition"]

1. e4 e6 2. d4 d5 3. Nc3 dxe4 4. Nxe4 Nd7 5. g3 Ngf6 6. Nxf6+ Nxf6 7. Bg2 e5 8. Nf3 exd4 9. Qxd4 Be7 10. Qxd8+ Bxd8 11. Bf4 O-O 12. O-O-O c6 13. Rhe1 Bb6 14. Be3 Bg4 15. h3 Bxf3 16. Bxf3 Rfe8 17. Bxb6 axb6 18. a3 Rxe1 19.
Rxe1 Re8 20. Rd1 Kf8 21. c4 Ke7 22. Kc2 Rd8 23. Re1+ Kd6 24. Kc3 h6 25. b4 Re8 26.
Rd1+ Kc7 27. Rd4 Ra8 28. Kb3 Rd8 29. Kc3 Ra8 30. Kb3 Rd8 31. Rxd8 Kxd8 32. Kc3 Kd7 33.
Kd4 Kd6 34. c5+ bxc5+ 35. bxc5+ Ke7 36. a4 Kd8 37. a5 Kc7 38. h4 Kd7 39. Bd1 Ne8 40.
Bb3 Ke7 41. g4 Nc7 42. f4 Ne6+ 43. Bxe6 Kxe6 44. f5+ Kf6 45. Ke4 g5 46. fxg6 fxg6 47. Kf4 g5+ 48. hxg5+ hxg5+ 49. Ke4 Ke6 50. Kd4 Kf6 51. Ke4 Ke6 52. Kd4 Kf6 53. Ke4 1/2-1/2

[Event "*** SCC Grand Prix: Titled Tuesday Blitz"]
[Site "Chess.com"]
[Date "2020.07.14"]
[Round "7"]
[White "kassablanca"]
[Black "MusicCityMaster"]
[Result "1-0"]
[WhiteElo "2620"]
[BlackElo "2421"]
[TimeControl "180+1"]
[EndTime "11:20:31 PDT"]
[Termination "kassablanca won by resignation"]

1. e4 c5 2. Nf3 d6 3. d4 cxd4 4. Nxd4 Nf6 5. Nc3 a6 6. Bg5 e6 7. f3 Nbd7 8. Qd2 Qc7 9. O-O-O b5 10. a3 Bb7 11. Kb1 Be7 12. h4 Nb6 13. h5 O-O-O 14.
h6 g6 15. Qe1 Kb8 16. Bc1 Rc8 17. Bd3 Nfd7 18. Nb3 Bf6 19. Ne2 Na4 20. Qa5 Ndb6 21. Ned4 Nc4 22. Qxc7+ Rxc7 23. Rhe1 Rhc8 24. Ka1 Ka8 25.
g4 d5 26. g5 Be7 27. e5 Bc5 28. Nxc5 Nxc5 29. Bf1 Nd7 30. Bf4 Ncb6 31. Kb1 Na4 32. Bc1 Ndb6 33. Bd3 Nc4 34. Rh1 Nxe5 35. Be2 Nc4 36.
f4 Rd7 37. Nf3 Nab6 38. Rhe1 Rcd8 39. Nd4 Nd6 40. b3 Ne4 41. Kb2 Rc7 42. Rg1 Rdc8 43. Rde1 Nc3 44. Bd3 Ne4 45. Nf3 Nd7 46. Be3 Kb8 47.
Bd4 Ka8 48. Ne5 Nxe5 49. Bxe5 Rc6 50. Bd4 R6c7 51. Re3 Rc6 52. Ra1 R8c7 53. a4 b4 54.
a5 Bc8 55. Ra4 Bd7 56. Rxb4 Nd6 57. Rb6 Rxb6 58. axb6 Rc8 59. Bxa6 Rb8 60. Re1 Nf5 61. Bc5 Bc6 62. Ra1 Re8 63. Bb5+ Kb7 64. Ra7+ Kb8 65. Bxc6 1-0

[Event "*** SCC Grand Prix: Titled Tuesday Blitz"]
[Site "Chess.com"]
[Date "2020.07.14"]
[Round "7"]
[White "FontVella8"]
[Black "Speshka"]
[Result "1-0"]
[WhiteElo "2518"]
[BlackElo "2190"]
[TimeControl "180+1"]
[EndTime "11:20:32 PDT"]
[Termination "FontVella8 won by checkmate"]

1. b3 e5 2. Bb2 Nc6 3. Nf3 d6 4. e3 g6 5. Be2 Bg7 6. d4 exd4 7. Nxd4 Nxd4 8. Bxd4 Bxd4 9. Qxd4 Qf6 10. c3 Qxd4 11.
cxd4 Nf6 12. Nc3 c6 13. O-O O-O 14. b4 Be6 15. Rfc1 Nd5 16. Ne4 Nxb4 17. Nxd6 Nxa2 18. Rc2 Nb4 19. Rb2 Nd5 20. Rxb7 a5 21. h3 Nc3 22. Bc4 Bxc4 23. Nxc4 a4 24. Kf1 Rfb8 25. Rxb8+ Rxb8 26. Ke1 Rb1+ 27. Rxb1 Nxb1 28. Kd1 Nc3+ 29.
Kc2 Ne4 30. f3 Nf6 31. e4 Nd7 32. Kc3 f5 33. Kb4 fxe4 34. fxe4 Nf6 35. Nd2 Kf7 36. Kxa4 Ke6 37. Kb4 Nd7 38. Nf3 Nf6 39. Ng5+ Kd7 40. Kc5 h6 41. e5 Nd5 42. Ne4 Nf4 43. Nf6+ Kc7 44. d5 cxd5 45. Nxd5+ Nxd5 46. Kxd5 Kd7 47. e6+ Ke7 48. Ke5 g5 49. Kf5 Kd6 50. Kf6 h5 51. e7 g4 52. e8=Q gxh3 53. gxh3 h4 54.
Qd8+ Kc5 55. Ke5 Kc6 56. Qc8+ Kb5 57. Kd5 Kb6 58. Qb8+ Ka5 59. Kc5 Ka4 60. Qb4# 1-0

[Event "*** SCC Grand Prix: Titled Tuesday Blitz"]
[Site "Chess.com"]
[Date "2020.07.14"]
[Round "7"]
[White "otrov-11"]
[Black "Fighter008"]
[Result "0-1"]
[WhiteElo "2365"]
[BlackElo "2527"]
[TimeControl "180+1"]
[EndTime "11:20:32 PDT"]
[Termination "Fighter008 won on time"]

1. d4 Nf6 2. c4 g6 3. Nc3 Bg7 4. e4 d6 5. f4 O-O 6. Nf3 Na6 7. Bd3 e5 8. fxe5 dxe5 9. d5 Nh5 10. O-O Bg4 11. Be3 Nf4 12. Bc2 h6 13. Qd2 g5 14.
c5 Nb8 15. b4 Nd7 16. Bb3 Nf6 17. Rae1 Re8 18. Bc4 Bh5 19. Qc2 Bg6 20. g3 N4h5 21.
Bd3 Ng4 22. Bc1 Rf8 23. Nd2 Qd7 24. Nc4 Rae8 25. a4 Ngf6 26. Bb2 g4 27. Bc1 Nh7 28. b5 Ng5 29. Nd2 Nh3+ 30. Kh1 Nf6 31. c6 bxc6 32. bxc6 Qc8 33. Ba3 Nh7 34. Bxf8 Bxf8 35. a5 N7g5 36. a6 Bc5 37. Re2 Bd4 38. Nb3 Bb6 39. Nd2 h5 40.
Nc4 Bd4 41. Nb5 Nf3 42. Nxd4 Nxd4 43. Qd2 h4 44. Rg2 hxg3 45. Rxg3 Qd8 46. Qg2 Qh4 47. Rxg4 Qh6 48. Rf6 Nf4 49. Rfxf4 exf4 50. Qf3 Nxf3 0-1

[Event "*** SCC Grand Prix: Titled Tuesday Blitz"]
[Site "Chess.com"]
[Date "2020.07.14"]
[Round "7"]
[White "NotFischer"]
[Black "MacDaddyMac"]
[Result "0-1"]
[WhiteElo "2137"]
[BlackElo "2310"]
[TimeControl "180+1"]
[EndTime "11:20:32 PDT"]
[Termination "MacDaddyMac won by resignation"]

1. e4 e6 2. d4 d5 3. e5 c5 4. c3 Nc6 5. Nf3 Qb6 6. Bd3 cxd4 7. cxd4 Nb4 8. Be2 Bd7 9. Nc3 Nh6 10. Bxh6 gxh6 11. O-O Be7 12. Rc1 Rg8 13. a3 Nc6 14.
Na4 Qd8 15. Nc5 Bxc5 16. dxc5 Qc7 17. Re1 Nxe5 18. Nxe5 Qxe5 19. Bf3 Qg5 20. Bxd5 O-O-O 21. Bf3 Bc6 22. Qb3 Bxf3 23. Qxf3 Rd3 24. Qe4 Rd4 25. Qf3 Rf4 26. Qh3 h5 27. c6 b6 28.
g3 Re4 29. Qg2 Rxe1+ 30. Rxe1 h4 31. Rd1 hxg3 32. hxg3 Qc5 33. c7 Kxc7 34. Qe4 Rxg3+ 35. Kf1 Rg6 36. Qd3 Kb7 37. Qd7+ Ka6 38. Rd4 Qb5+ 39.
Ke1 Qxd7 40. Rxd7 Rf6 41. Re7 Rf5 42. Rd7 h5 43. Rd4 Re5+ 44. Kd2 f5 45. Kd3 Rd5 46.
Rxd5 exd5 47. Kd4 h4 48. Ke3 Kb5 49. Kf3 Kc4 50. Kg2 Kb3 51. Kh3 Kxb2 52. Kxh4 Kxa3 53. Kg5 d4 54. Kxf5 d3 55. Ke4 d2 56. f4 d1=Q 57.
f5 Qd8 58. f6 Qxf6 0-1

[Event "*** SCC Grand Prix: Titled Tuesday Blitz"]
[Site "Chess.com"]
[Date "2020.07.14"]
[Round "7"]
[White "MFBerna"]
[Black "ItsCheckM8Mate"]
[Result "0-1"]
[WhiteElo "2414"]
[BlackElo "2269"]
[TimeControl "180+1"]
[EndTime "11:20:33 PDT"]
[Termination "ItsCheckM8Mate won on time"]

1. e4 e5 2. Nf3 Nc6 3. Bb5 a6 4. Ba4 Nf6 5. O-O Nxe4 6. d4 b5 7. Bb3 d5 8. dxe5 Be6 9. c3 Be7 10. Nbd2 Nc5 11. Bc2 d4 12. cxd4 Nxd4 13. Nxd4 Qxd4 14.
Nf3 Qxd1 15. Rxd1 Nd7 16. Nd4 Nxe5 17. Re1 Bd6 18. f4 Bc5 19. Be3 Nc4 20. Bf2 O-O 21. Nxe6 Bxf2+ 22. Kxf2 fxe6 23. Kg3 Nxb2 24. Rxe6 c5 25.
Rae1 c4 26. f5 Nd3 27. Bxd3 cxd3 28. Rd1 Rad8 29. Kf4 Rd5 30. g4 a5 31. Ke4 Rfd8 32. Rd2 b4 33. g5 a4 34. f6 gxf6 35. Rxf6 Rxg5 36. Rxd3 Rg4+ 37. Kf5 Rxd3 38. Kxg4 Rd2 39.
Rb6 Rxh2 40. Rxb4 Rxa2 41. Rb7 Ra1 42. Kg5 a3 43. Kf6 h5 44. Kg6 Kf8 45. Kf6 Ke8 46.
Ke6 Kd8 47. Kd6 Kc8 48. Ra7 a2 49. Kc6 Rc1+ 0-1

[Event "*** SCC Grand Prix: Titled Tuesday Blitz"]
[Site "Chess.com"]
[Date "2020.07.14"]
[Round "7"]
[White "barriochess"]
[Black "artichaud"]
[Result "0-1"]
[WhiteElo "2278"]
[BlackElo "2081"]
[TimeControl "180+1"]
[EndTime "11:20:33 PDT"]
[Termination "artichaud won by resignation"]

1. d4 d6 2. e4 Nf6 3. Nc3 c6 4. f4 Qa5 5. e5 Ne4 6. Qf3 Nxc3 7. bxc3 Bf5 8. Bc4 Bxc2 9. exd6 e6 10. Ne2 Bxd6 11.
O-O Nd7 12. Ng3 Nb6 13. Be2 g6 14. Bd2 Qa4 15. Rfe1 O-O-O 16. Nf1 Nc4 17. Bxc4 Qxc4 18. Ne3 Qa4 19. Rec1 Bd3 20. c4 Ba3 21. Rd1 Bb2 22. d5 Bxa1 23. Rxa1 exd5 24. cxd5 Be4 25. Qf2 Bxd5 26.
Bc3 Rhe8 27. Bf6 Rd7 28. Ng4 Re4 29. Be5 Qa6 30. Re1 Rxe1+ 31. Qxe1 Qxa2 32. Ne3 Be6 33. h3 Qd2 34. Qg3 h5 35. Kh2 a5 36. Nf1 Qd5 37. Qc3 a4 38. Ne3 Qb5 39. Qa3 b6 40. Qf8+ Rd8 41.
Qe7 Rd7 42. Qf8+ Rd8 43. Qe7 Rd7 44. Qa3 c5 45. g4 Qb4 46. Qc1 hxg4 47. hxg4 f6 48.
Bxf6 Qxf4+ 49. Kh3 Qxf6 50. Qc4 Bxc4 0-1

[Event "*** SCC Grand Prix: Titled Tuesday Blitz"]
[Site "Chess.com"]
[Date "2020.07.14"]
[Round "7"]
[White "onnoelgersma"]
[Black "maciek_92"]
[Result "0-1"]
[WhiteElo "2425"]
[BlackElo "2623"]
[TimeControl "180+1"]
[EndTime "11:20:34 PDT"]
[Termination "maciek_92 won by checkmate"]

1. e4 c6 2. d4 d5 3. e5 Bf5 4. Nf3 e6 5. Be2 h6 6. O-O Ne7 7. Nbd2 Nd7 8. Nb3 Nc8 9. a4 Be7 10. a5 a6 11. Bd2 Na7 12. Ne1 c5 13. dxc5 Nxe5 14. Nf3 Nxf3+ 15. Bxf3 Bg6 16. Bc3 O-O 17. Re1 Rc8 18. Bd4 Nc6 19. c3 Re8 20. Qd2 Qc7 21. Be3 Ne5 22. Be2 Nc4 23. Bxc4 dxc4 24. Bf4 Qc6 25.
Nd4 Qxc5 26. Re5 Qa7 27. Rae1 Bf6 28. R5e2 Rc5 29. Be5 Bxe5 30. Rxe5 Rxe5 31. Rxe5 Qb8 32. Qe3 Rd8 33. f4 Qc7 34. g4 Bd3 35. f5 exf5 36. gxf5 Kh7 37. Re7 Rd7 38. Re8 Qxa5 39. Kg2 Bxf5 40.
Re5 Rd5 41. Re8 Bg6 42. Qe7 Rg5+ 43. Kf2 Qc5 44. Qd8 Bd3 45. Rh8+ Kg6 46. Qe8 Rf5+ 47. Kg1 Rf1+ 48. Kg2 Qg5+ 49. Kh3 Rf3+ 50. Nxf3 Bf5# 0-1

[Event "*** SCC Grand Prix: Titled Tuesday Blitz"]
[Site "Chess.com"]
[Date "2020.07.14"]
[Round "7"]
[White "aa175"]
[Black "Skatchkov_V"]
[Result "0-1"]
[WhiteElo "2389"]
[BlackElo "2553"]
[TimeControl "180+1"]
[EndTime "11:20:34 PDT"]
[Termination "Skatchkov_V won by checkmate"]

1. d4 Nf6 2. Bf4 e6 3. e3 d5 4. Nf3 Bd6 5. Nbd2 c5 6. c3 O-O 7.
Bd3 Nc6 8. Bg3 b6 9. e4 Be7 10. e5 Nh5 11. Ng5 Bxg5 12. Qxh5 g6 13. Qg4 h5 14. Qe2 h4 15. f4 Bh6 16. Bf2 cxd4 17. cxd4 Bxf4 18. Qg4 Qg5 19. Qxg5 Bxg5 20. Nf3 Be7 21.
Bb5 Nb4 22. Kd2 g5 23. a3 Ba6 24. Bxa6 Nxa6 25. g4 Kg7 26. Be3 Kg6 27. h3 Rac8 28. Rac1 Nb8 29. b4 b5 30. Rhf1 Nd7 31. Rxc8 Rxc8 32. Ne1 Nb6 33. Nd3 Nc4+ 34. Ke2 Nxa3 35. Ra1 Nc2 36. Rxa7 Bxb4 37. Rb7 Bc3 38. Rxb5 Nxd4+ 39. Bxd4 Bxd4 40. Rb7 Rc2+ 41. Kf3 Rh2 42. Rb3 Rxh3+ 43. Kg2 Rg3+ 44. Kh2 Rxg4 45. Rb4 Kf5 46. Rb1 Bxe5+ 47. Kh3 Rg3+ 48. Kh2 Rxd3+ 49. Kh1 g4 50. Rf1+ Kg5 51. Rxf7 h3 52. Kg1 Bd4+ 53. Kf1 h2 54.
Ke2 h1=Q 55. Kxd3 Qd1# 0-1

[Event "*** SCC Grand Prix: Titled Tuesday Blitz"]
[Site "Chess.com"]
[Date "2020.07.14"]
[Round "7"]
[White "731291"]
[Black "IMHansNiemann"]
[Result "0-1"]
[WhiteElo "2664"]
[BlackElo "2864"]
[TimeControl "180+1"]
[EndTime "11:20:36 PDT"]
[Termination "IMHansNiemann won on time"]

1. d4 g6 2. e4 Bg7 3. Nf3 d6 4. Bd3 Nf6 5. O-O Nc6 6. c3 Bg4 7. Nbd2 e5 8. h3 Bxf3 9. Nxf3 O-O 10. dxe5 dxe5 11. Be3 Qe7 12. b4 Nd7 13. Bc4 Kh8 14. Nd2 f5 15. f3 f4 16. Bf2 g5 17. Nb3 Rfd8 18. Qc2 h5 19. Be2 Nf6 20. Nc5 b6 21. Nb3 Qe6 22. Rad1 Ne7 23. Rxd8+ Rxd8 24. Rd1 Rg8 25.
Nd2 Qc8 26. Bc4 Rf8 27. Nf1 g4 28. hxg4 hxg4 29. fxg4 Nxg4 30. Nh2 Nxh2 31. Kxh2 Bf6 32. Rh1 Kg7 33. Kg1 Qd7 34. Qe2 Rd8 35. Rh3 Qd1+ 36. Be1 Nc8 37. Kf1 Qxe2+ 38. Bxe2 Nd6 39. Bd3 a5 40.
bxa5 bxa5 41. c4 Nb7 42. Ke2 Be7 43. Bc3 Bf6 44. g3 Nc5 45. Bc2 Ne6 46. Kf3 Ng5+ 47. Kg4 Nxh3 48. Kxh3 fxg3 49. Kxg3 Ra8 50. Kf3 Kf7 51. Ke3 Ke6 52. Ba4 Kd6 53. Kd3 Bg5 54. Be1 Bc1 55. Bf2 Ba3 56. Kc3 Bc5 0-1

[Event "*** SCC Grand Prix: Titled Tuesday Blitz"]
[Site "Chess.com"]
[Date "2020.07.14"]
[Round "7"]
[White "Matibar"]
[Black "regular_legs"]
[Result "1-0"]
[WhiteElo "2686"]
[BlackElo "2520"]
[TimeControl "180+1"]
[EndTime "11:20:38 PDT"]
[Termination "Matibar won on time"]

1. c4 c5 2. g3 g6 3. Bg2 Bg7 4. Nc3 Nc6 5. d3 d6 6. a3 Qd7 7. h4 h6 8. e4 e6 9. Nge2 Nge7 10. Be3 Nd4 11. Rb1 b6 12. b4 Bb7 13. Qd2 h5 14. a4 Nec6 15. b5 Na5 16. Qd1 O-O 17. O-O d5 18. exd5 Nxe2+ 19. Nxe2 exd5 20. Qc2 Rae8 21. Nf4 d4 22. Bd2 Bxg2 23. Nxg2 Be5 24. Rbe1 Nb7 25. Re2 Bg7 26. Rfe1 Rxe2 27. Rxe2 Re8 28.
Qd1 Re6 29. Nf4 Rxe2 30. Qxe2 Nd6 31. Qf3 Qc7 32. Nd5 Qd8 33. Bg5 Qd7 34. Nf6+ Bxf6 35.
Bxf6 Ne8 36. Qa8 Qe6 37. Bg5 f6 38. Bf4 Qd7 39. Bb8 Qe6 40. Bxa7 Kh7 41. Kg2 f5 42. Qb7+ Kh6 43. Bxb6 Nf6 44. Bxc5 g5 45. hxg5+ Kxg5 46. Qf3 Ng4 47. Bxd4 Qe1 48. Qf4+ Kg6 49. Be3 Qd1 50. Qg5+ 1-0

[Event "*** SCC Grand Prix: Titled Tuesday Blitz"]
[Site "Chess.com"]
[Date "2020.07.14"]
[Round "7"]
[White "PattyCastillo"]
[Black "kidagent"]
[Result "0-1"]
[WhiteElo "1943"]
[BlackElo "2225"]
[TimeControl "180+1"]
[EndTime "11:20:38 PDT"]
[Termination "kidagent won on time"]

1. d4 d5 2. Nf3 Nf6 3. e3 Bf5 4. c4 c6 5. Qb3 Qb6 6. c5 Qxb3 7. axb3 Nbd7 8. b4 e5 9. Nc3 Be7 10. Be2 O-O 11. O-O exd4 12. exd4 Rfe8 13. Bg5 h6 14.
Bh4 Ne4 15. Bxe7 Nxc3 16. bxc3 Rxe7 17. Rfe1 a6 18. h3 Rae8 19. Kf1 Nf6 20. Nh4 Be4 21.
f3 Bh7 22. g4 Re3 23. Rac1 g5 24. Ng2 R3e7 25. Kf2 Nd7 26. Bf1 Nf8 27. Rxe7 Rxe7 28.
Ne3 Ne6 29. Re1 Nf4 30. Kg3 Kf8 31. h4 f6 32. hxg5 hxg5 33. Kf2 Bd3 34. Ng2 Rxe1 35. Nxe1 Bxf1 36. Kxf1 Ke7 37. Kf2 Ke6 38. Ke3 Ng6 39. Nd3 f5 40. Nf2 f4+ 41. Kd3 Nh4 42. Ke2 Ng2 43. Nd3 Ne3 44. Ne5 Nc4 45. Ng6 Na3 46.
Nf8+ Ke7 47. Nh7 Nb1 48. Kd3 Na3 49. Nxg5 Nc4 50. Ne6 Kxe6 51. g5 Kf5 0-1

[Event "*** SCC Grand Prix: Titled Tuesday Blitz"]
[Site "Chess.com"]
[Date "2020.07.14"]
[Round "7"]
[White "praveenb2002"]
[Black "keepitcool9499"]
[Result "1-0"]
[WhiteElo "2722"]
[BlackElo "2557"]
[TimeControl "180+1"]
[EndTime "11:20:40 PDT"]
[Termination "praveenb2002 won by checkmate"]

1. d4 e6 2. c4 Nf6 3. Nc3 d5 4.
cxd5 exd5 5. Bg5 Be7 6. e3 O-O 7. Bd3 c6 8. Nge2 Nbd7 9. Qc2 Re8 10. O-O-O a5 11. h4 a4 12. g4 a3 13. b3 Nf8 14. f3 Bd7 15. Bf4 b5 16. h5 h6 17. g5 hxg5 18. Bxg5 Ne6 19. Bh4 b4 20. Na4 c5 21. Nxc5 Nxc5 22. dxc5 Rc8 23. Kb1 Bxc5 24.
Qd2 Bxe3 25. Qxb4 Bc5 26. Qf4 Be3 27. Qg3 Bh6 28. Rhg1 Qb6 29. Bg5 Nxh5 30. Qh4 Bxg5 31. Qxg5 Qf6 32. Nd4 Qxg5 33. Rxg5 Nf4 34. Bc2 Ne6 35.
Rxd5 Nxd4 36. R5xd4 Be6 37. Ra4 Ra8 38. Rxa8 Rxa8 39.
Rd4 g6 40. Be4 Ra7 41. Kc2 Kg7 42. Kc3 Kf6 43. Kb4 Ke5 44. Rd8 Kf4 45. Ra8 Rxa8 46. Bxa8 Bh3 47. Kxa3 Bg2 48. b4 Bxf3 49. Bxf3 Kxf3 50.
b5 g5 51. b6 g4 52. b7 g3 53. b8=Q g2 54. Qb6 f5 55. Kb3 f4 56. Kc2 Kg3 57.
Kd2 f3 58. Ke1 Kh2 59. Qh6+ Kg1 60. Qh4 f2+ 61. Qxf2+ Kh1 62. Qf3 Kh2 63. Qh5+ Kg1 64. Kd2 Kf2 65. Qf5+ Kg1 66. Ke3 Kh2 67. Qh5+ Kg1 68.
Kf3 Kf1 69. Qh3 Ke1 70. Qxg2 Kd1 71. Ke3 Kc1 72. Kd3 Kb1 73. Kc3 Ka1 74. Qb2# 1-0

[Event "*** SCC Grand Prix: Titled Tuesday Blitz"]
[Site "Chess.com"]
[Date "2020.07.14"]
[Round "7"]
[White "viditchess"]
[Black "rpragchess"]
[Result "0-1"]
[WhiteElo "2987"]
[BlackElo "2820"]
[TimeControl "180+1"]
[EndTime "11:20:41 PDT"]
[Termination "rpragchess won on time"]

1. d4 Nf6 2. c4 e6 3. Nf3 d5 4. g3 dxc4 5. Bg2 a6 6. O-O Nc6 7. Nbd2 Nxd4 8. Nxc4 Bc5 9. Nxd4 Bxd4 10. Qb3 Qe7 11. Rd1 Bc5 12. Bxb7 Bxb7 13. Qxb7 O-O 14. Bg5 Bxf2+ 15. Kg2 Bc5 16. Qc6 Bd6 17. e4 h6 18. Be3 e5 19. Rd3 Qe8 20. Qxe8 Nxe8 21. Rad1 f5 22. exf5 Rxf5 23. Rb3 Rf7 24. Rb7 Nf6 25.
Nxd6 cxd6 26. Rxf7 Kxf7 27. Rxd6 Rc8 28. Rd2 Ke6 29. Kf3 e4+ 30. Ke2 Nd5 31. Bd4 g5 32. Kd1 Kf5 33. Rf2+ Kg4 34. Kd2 Rc4 35. Be3 Rb4 36.
b3 Rb7 37. Bc5 Rc7 38. Bd4 Rd7 39. Ke2 a5 40. Rf1 Rc7 41. Kd2 Nb4 42. Ke3 Rd7 0-1

[Event "*** SCC Grand Prix: Titled Tuesday Blitz"]
[Site "Chess.com"]
[Date "2020.07.14"]
[Round "7"]
[White "marianokar"]
[Black "AlexOstrovskiy"]
[Result "1-0"]
[WhiteElo "2443"]
[BlackElo "2620"]
[TimeControl "180+1"]
[EndTime "11:20:42 PDT"]
[Termination "marianokar won by resignation"]

1. e4 c6 2. d4 d5 3. exd5 cxd5 4. Bd3 Nc6 5. c3 Qc7 6. Nf3 Bg4 7. O-O e6 8. h3 Bh5 9. Re1 Bd6 10. Nbd2 Nge7 11.
a4 O-O 12. Nb3 Bg6 13. Bg5 Rae8 14. Bxe7 Rxe7 15. Bxg6 hxg6 16. Nc1 f6 17. Nd3 e5 18.
Qb3 Qa5 19. Nc5 Bxc5 20. Qxd5+ Kh7 21. dxc5 Rd8 22. Qc4 Red7 23. b4 Qc7 24. Qh4+ Kg8 25. Qg4 Kf7 26. Qc4+ Kf8 27. Nh4 Ne7 28. f4 Rd2 29.
fxe5 g5 30. exf6 gxf6 31. Rxe7 Kxe7 32. Re1+ Kf8 33. Ng6+ Kg7 34. Re7+ Qxe7 35. Nxe7 Re8 36. Nf5+ Kg6 37. Nd4 Re1+ 38. Kh2 Rc1 39. Qg8+ Kh6 40.
Qh8+ Kg6 41. Qe8+ Kg7 42. Qe7+ Kg6 43. Qe8+ Kh7 44. Qf7+ Kh8 45. Nf5 1-0

[Event "*** SCC Grand Prix: Titled Tuesday Blitz"]
[Site "Chess.com"]
[Date "2020.07.14"]
[Round "7"]
[White "xberli"]
[Black "karinachess1"]
[Result "0-1"]
[WhiteElo "2312"]
[BlackElo "2526"]
[TimeControl "180+1"]
[EndTime "11:20:42 PDT"]
[Termination "karinachess1 won on time"]

1. e4 c5 2. Nf3 e6 3. d4 cxd4 4. Nxd4 a6 5. c4 Nf6 6. Nc3 Bb4 7. Nc2 Bxc3+ 8. bxc3 Nxe4 9. Qd4 Nf6 10. Ba3 Nc6 11.
Qd6 Ne4 12. Qd3 f5 13. Be2 Qf6 14. Nd4 Nxc3 15. Nxc6 Nxe2 16. Kxe2 bxc6 17. Qd6 Kf7 18. Rhd1 a5 19. Rab1 Re8 20. Kf1 Ba6 21. Qxd7+ Kg8 22.
Rdc1 e5 23. Kg1 Rad8 24. Qc7 Bc8 25. Qxa5 e4 26. Bb2 Qg6 27. Be5 Be6 28. Bf4 Bf7 29. Qc5 Qg4 30. Bc7 Rc8 31. Qd6 e3 32.
fxe3 Rxe3 33. a4 Rce8 34. Rb8 Re2 35. Rxe8+ Bxe8 36. Qg3 Qe4 37. a5 c5 38. Qf3 Qe6 39. Qd5 Bc6 40. Qxe6+ Rxe6 41. Bb6 Re2 42. a6 Rxg2+ 43.
Kf1 Rxh2 44. Re1 Ra2 45. a7 Kf7 46. Bxc5 Be4 47. Rd1 g5 48. Rd7+ Kg6 49. Rd6+ Kh5 50. Rd7 f4 51. Re7 Bd3+ 52. Kg1 Kg4 53. Re1 Kg3 54.
Rd1 Bxc4 0-1

[Event "*** SCC Grand Prix: Titled Tuesday Blitz"]
[Site "Chess.com"]
[Date "2020.07.14"]
[Round "7"]
[White "Oglob71"]
[Black "bocah_sakit"]
[Result "0-1"]
[WhiteElo "2526"]
[BlackElo "2706"]
[TimeControl "180+1"]
[EndTime "11:20:43 PDT"]
[Termination "bocah_sakit won by checkmate"]

1. d4 Nf6 2. Nf3 g6 3. c4 Bg7 4. Nc3 O-O 5. Bg5 d6 6. e3 Nc6 7. d5 Nb8 8. Bd3 h6 9. Bh4 g5 10. Bg3 Nh5 11. Nd4 Nxg3 12. hxg3 e6 13. Qh5 c5 14.
Nde2 exd5 15. Nxd5 Nd7 16. Nec3 Ne5 17. Be2 Bf5 18. Rd1 Re8 19. f4 Bg6 20. Qh3 Nc6 21.
f5 Bh7 22. g4 Re5 23. O-O Bf8 24. Bf3 Bg7 25. Be4 f6 26. Bf3 Re8 27. Ne4 Ne5 28. b3 Nf7 29. Qg3 Kh8 30. Ndc3 Re5 31. Nb5 Qe7 32.
Nexd6 Nxd6 33. Rxd6 a6 34. Rb6 axb5 35. Rxb7 Qe8 36. Rxg7 Kxg7 37. Bxa8 Qxa8 38. Rd1 Qb7 39. cxb5 Bg8 40. Qf3 Qxb5 41. Qa8 Bf7 42. Qa7 Rxe3 43.
Rd7 Re1+ 44. Kh2 Kg8 45. Rxf7 Qe8 46. Rg7+ Kf8 47. Kh3 Qe3+ 48. g3 Rh1+ 49. Kg2 Qe4+ 50. Kf2 Qe1+ 51. Kf3 Rf1+ 52. Kg2 Qf2+ 53. Kh3 Rh1# 0-1

[Event "*** SCC Grand Prix: Titled Tuesday Blitz"]
[Site "Chess.com"]
[Date "2020.07.14"]
[Round "7"]
[White "coalescenet"]
[Black "Lenyas66"]
[Result "0-1"]
[WhiteElo "2341"]
[BlackElo "2492"]
[TimeControl "180+1"]
[EndTime "11:20:44 PDT"]
[Termination "Lenyas66 won by resignation"]

1. d4 e6 2. c4 Bb4+ 3. Bd2 a5 4. g3 Nf6 5. Bg2 d5 6. Nc3 O-O 7. Nf3 dxc4 8. O-O Nc6 9. e3 Be7 10. Qe2 Nb4 11. Qxc4 b6 12. a3 Ba6 13. Qb3 Bxf1 14. Kxf1 Nbd5 15. Ne5 Nxc3 16. Bxa8 Qxa8 17. f3 Qa6+ 18.
Qc4 Qxc4+ 19. Nxc4 Nb5 20. Rc1 Bd8 21. Ke2 Nd7 22. Kd3 f6 23. a4 Na7 24. b4 axb4 25.
Bxb4 Re8 26. a5 Nc6 27. Bd2 Nxa5 28. Bxa5 bxa5 29. Nxa5 Nb6 30. e4 f5 31. Rc6 fxe4+ 32. fxe4 Kf7 33. Nb3 Nd7 34. Ke3 Bg5+ 35. Kd3 Rc8 36.
h4 Bd8 37. Ke2 Rb8 38. Nc1 Rb4 39. Ke3 Bf6 40. e5 Bd8 41. Nd3 Rb6 42. Rc1 g5 43.
h5 Kg7 44. Nf2 Rb3+ 45. Nd3 Nb6 46. Ke4 Nd5 47. Rc6 Kf7 48. Rc1 g4 49. Rf1+ Ke8 50. Rc1 Bg5 51. Rc6 Kd7 52. Nc5+ Kxc6 53. Nxb3 Be7 54.
Nd2 Kb5 55. Nf1 Kc4 56. Nh2 c5 57. dxc5 Bxc5 58. Nxg4 Kb5 59. Nf6 Nxf6+ 60. exf6 Kc6 61. Ke5 Kd7 62. g4 Bd6+ 63. Ke4 h6 64. Kf3 Ke8 65. Ke4 Kf7 66. Kf3 Kxf6 67. Kg2 Kg5 68. Kh3 0-1

[Event "*** SCC Grand Prix: Titled Tuesday Blitz"]
[Site "Chess.com"]
[Date "2020.07.14"]
[Round "7"]
[White "mattcolins2025"]
[Black "Quiet_Desperation"]
[Result "0-1"]
[WhiteElo "2382"]
[BlackElo "2242"]
[TimeControl "180+1"]
[EndTime "11:20:44 PDT"]
[Termination "Quiet_Desperation won on time"]

1. d4 d5 2. c4 c6 3. Nc3 Nf6 4. Nf3 dxc4 5. a4 Bf5 6. Ne5 e6 7. Nxc4 Nbd7 8. f3 Bb4 9. Qb3 a5 10. Bd2 O-O 11. e4 Bg6 12. Bd3 Nc5 13. dxc5 Qxd3 14. Nb6 Rad8 15. Rd1 Bxc5 16. Nc4 Qd7 17. Nxa5 Qd4 18. Rf1 Qe5 19. g3 Qh5 20. Bf4 Rxd1+ 21.
Nxd1 Qxh2 22. Nxb7 Ba7 23. Bd6 Re8 24. Nf2 e5 25.
Bc5 Bxc5 26. Nxc5 Qxg3 27. a5 Qg5 28. Ke2 Nh5 29. Ncd3 Ng3+ 30. Kd1 Nxf1 31. f4 exf4 32. a6 f3 33. Qc3 Ne3+ 34. Kc1 Nd5+ 35. Qd2 Qxd2+ 36.
Kxd2 Nb6 37. Kc3 Ra8 38. Nc5 h5 39. Kb4 h4 40. Ka5 Nc4+ 41. Kb4 Nd6 42. e5 Nc8 43.
Ka5 Bf5 44. b4 h3 45. b5 cxb5 46. Kxb5 h2 47. Kc6 Bh3 48. Kb7 Rxa6 49. Kxa6 Bg2 50.
Kb7 Ne7 51. Kc7 h1=Q 52. Nxh1 Bxh1 53. Kd7 f2 54. Kxe7 f1=Q 55. Nd7 Qc4 56. Kd8 Qe6 57. Kc7 Bc6 58. Nc5 Qxe5+ 0-1

[Event "*** SCC Grand Prix: Titled Tuesday Blitz"]
[Site "Chess.com"]
[Date "2020.07.14"]
[Round "7"]
[White "Bacyanide"]
[Black "elamier"]
[Result "0-1"]
[WhiteElo "2442"]
[BlackElo "2322"]
[TimeControl "180+1"]
[EndTime "11:20:47 PDT"]
[Termination "elamier won on time"]

1. c4 e5 2. Nc3 Nc6 3. g3 Nf6 4.
Bg2 Bb4 5. e4 d6 6. d3 h6 7. Nf3 O-O 8. O-O a6 9. Nd5 Bc5 10. Be3 Bg4 11. h3 Bxf3 12. Qxf3 Nd4 13. Qd1 c6 14. Nxf6+ Qxf6 15. f4 exf4 16. Rxf4 Qe7 17.
Kh2 f5 18. b4 Ba7 19. Qh5 Ne6 20. Rf3 Bxe3 21. Rxe3 f4 22. Rf3 fxg3+ 23. Rxg3 Nf4 24. Qg4 Qe5 25. Rf1 Nh5 26. d4 Qxg3+ 27. Qxg3 Nxg3 28.
Kxg3 Rxf1 29. Bxf1 Rf8 30. Be2 Kf7 31. Bg4 Kf6 32. c5 dxc5 33. bxc5 Rd8 34. e5+ Ke7 35. a3 Rxd4 36. Bc8 Rd5 37. Bxb7 Rxc5 38. Bxa6 Rxe5 39.
Bb7 Kd6 40. Kf4 Ra5 41. Bc8 Rxa3 42. Kf5 c5 43. Kg6 Rg3+ 44. Kh5 c4 45. h4 Rg1 46.
Bf5 c3 47. Bd3 Ke5 48. Bc2 Rg2 49. Be4 c2 0-1